 Dungeon Crawl Stone Soup version 0.20.1-1-g8b1a95d (webtiles) character file.

688 wnhky the Skirmisher (level 7, 0/61 HPs)
             Began as a Hill Orc Fighter on Sept 11, 2017.
             Slain by an orc warrior
             ... wielding a +0 battleaxe
              (13 damage)
             ... on level 5 of the Dungeon.
             The game lasted 00:10:01 (5212 turns).

wnhky the Skirmisher (Hill Orc Fighter)             Turns: 5212, Time: 00:10:02

Health: 0/61       AC: 12    Str: 24    XL:     7   Next: 62%
Magic:  7/7        EV:  5    Int:  8    God:
Gold:   195        SH: 11    Dex: 14    Spells: 6/6 levels left

rFire    . . .     SeeInvis +   a - +0 war axe
rCold    . . .     Gourm    .   c - +1 shield
rNeg     . . .     Faith    .   u - +0 plate armour
rPois    .         Spirit   .   (no helmet)
rElec    .         Reflect  .   (no cloak)
rCorr    .         Harm     .   (no gloves)
MR       .....                  (no boots)
Stlth    ..........             (no amulet)
Regen    0.2/turn               p - +2 ring of dexterity
MPRegen  0.1/turn               n - ring of see invisible

@: mighty, lethally poisoned (0 -> -5)
A: no striking features
a: no special abilities


You were on level 5 of the Dungeon.
You were not hungry.

You visited 1 branch of the dungeon, and saw 5 of its levels.
You also visited: Sewer.

You collected 195 gold pieces.

Inventory:

Hand Weapons
 a - a +0 war axe (weapon)
Armour
 c - a +1 shield (worn)
 u - a +0 plate armour (worn)
Jewellery
 g - an uncursed ring of fire
 m - an uncursed ring of resist corrosion
 n - a ring of see invisible (right hand)
 p - a +2 ring of dexterity (left hand)
 q - an uncursed ring of positive energy
Wands
 t - a wand of clouds (6/9)
Scrolls
 k - 2 scrolls of teleportation
 l - a scroll of identify
 o - 3 scrolls of fear {unknown}
 r - a scroll of enchant armour
 y - 2 scrolls of fog {unknown}
 z - a scroll of random uselessness {unknown}
Potions
 e - 5 potions of haste
 i - 2 potions of lignification
 j - a potion of agility {unknown}
 s - 2 potions of magic
 x - 3 potions of curing
 C - 2 potions of brilliance
Comestibles
 f - 4 bread rations
 h - 4 meat rations


   Skills:
 * Level 5.6 Fighting
 * Level 5.3 Axes
 * Level 5.5 Armour
 + Level 1.6 Dodging
 * Level 5.4 Shields
 + Level 0.6 Evocations


You had 6 spell levels left.
You didn't know any spells.

Dungeon Overview and Level Annotations

Branches:
Dungeon (5/15)             Temple (0/1) D:5

Altars:
Ashenzari


Message History

You slash the orc warrior! You slash the adder zombie!
The bullfrog zombie hits you.
* * * LOW HITPOINT WARNING * * *
You block the orc's attack. The orc wizard casts a spell at you.
The magic dart hits you!
The adder zombie bites you but does no damage.
The orc hits you but does no damage. You block the orc warrior's attack.
The bullfrog zombie barely misses you. The orc hits you but does no damage.
You are poisoned.
You closely miss the orc warrior.
The orc warrior is heavily wounded.
You closely miss the adder zombie. You slash the orc!
You kill the orc!
You slash the bullfrog zombie! You hit the orc wizard.
You kill the orc wizard!
You hit the orc.
You feel sick. You block the adder zombie's attack.
The orc hits you but does no damage. You block the bullfrog zombie's attack.
The orc warrior hits you with a battleaxe!
You die...

#.# #........#.## ##.#
#........'.#>+
...###........#.###
#.............#.....
#.............###+##
#.................#
#.......#######'#######
#.......##.....)oo....#
#.......##.....Z@Z....#
##.....###..(...).....#
.....# #............+
#............#
#...........[#
#............#
#............#
#.....[......#


You could see an orc warrior, an orc, an adder zombie and a bullfrog zombie.

Vanquished Creatures
  Eustachio (D:4)
  A phantom (D:4)
  An ogre (D:4)
  A howler monkey (D:4)
  2 hounds (D:4)
  An orc wizard (D:5)
  2 worker ants (D:4)
  8 adders
  An ooze (D:3)
  3 worms
  4 dart slugs
  4 leopard geckos
  4 orcs
  6 ball pythons (Sewer)
  7 giant cockroaches
  8 goblins
  10 hobgoblins
  6 jackals
  15 kobolds
  2 quokkas
  4 bats
  5 frilled lizards
  A leopard gecko skeleton (D:4)
  A quokka skeleton (D:4)
  8 rats
  A plant (Sewer)
107 creatures vanquished.

Notes
Turn   | Place    | Note
-------+----------+-------------------------------------------
     0 | D:1      | wnhky the Hill Orc Fighter began the quest for the Orb.
     0 | D:1      | Reached XP level 1. HP: 19/19 MP: 1/1
   259 | D:1      | Reached XP level 2. HP: 27/27 MP: 2/2
   802 | D:2      | Reached XP level 3. HP: 29/33 MP: 3/3
  1228 | D:2      | Reached XP level 4. HP: 39/40 MP: 4/4
  2098 | D:3      | Found a shattered altar of Ashenzari.
  2292 | D:3      | Found a glowing drain.
  2315 | Sewer    | Entered a sewer
  2480 | Sewer    | Reached XP level 5. HP: 42/47 MP: 5/5
  3935 | D:4      | Noticed a phantom
  3980 | D:4      | Killed a phantom
  3980 | D:4      | Reached skill level 1 in Dodging
  3980 | D:4      | Reached skill level 5 in Shields
  3980 | D:4      | Reached XP level 6. HP: 24/55 MP: 6/6
  4198 | D:4      | Noticed Eustachio
  4239 | D:4      | Killed Eustachio
  4239 | D:4      | Reached skill level 5 in Fighting
  4239 | D:4      | Reached skill level 5 in Armour
  4239 | D:4      | Reached XP level 7. HP: 25/61 MP: 7/7
  4835 | D:4      | Reached skill level 5 in Axes
  5096 | D:5      | Entered Level 5 of the Dungeon
  5192 | D:5      | Found a staircase to the Ecumenical Temple.
  5212 | D:5      | Slain by an orc warrior

Skill      XL: |  1  2  3  4  5  6  7 |
---------------+----------------------+-----
Axes           | 3 4 5 |  5.3
Shields        | 4 5 |  5.4
Armour         | 4 5 |  5.5
Fighting       | 4 5 |  5.6
Dodging        | 1 |  1.6
Evocations     | |  0.6

Action                   |  1- 3 |  4- 6 |  7- 9 || total
-------------------------+-------+-------+-------++-------
Melee: War axe           |   100 |   300 |    30 ||   430
  Use: Scroll            |       |    11 |       ||    11
       Potion            |       |     1 |     1 ||     2
  Eat: Fruit             |     1 |       |     5 ||     6
       Chunk             |       |    10 |       ||    10
Armor: Scale mail        |    44 |   146 |       ||   190
       Plate armour      |       |       |    21 ||    21
Dodge: Dodged            |    32 |    93 |     5 ||   130
Block: Shield            |    48 |   167 |    34 ||   249
